Map: Deathaura LE

Players

Denver

  • Race: Zerg Zerg
  • League: Grandmaster
  • Spawn Location: 5:00

AqueroN - Winner!

  • Race: Terran Terran
  • League: Master
  • Spawn Location: 11:00

Event: DreamHack SC2 Masters 2020 Fall

VOD

Have the link to the VOD?

Description

Time

  • Played on: Sept. 2, 2020, 2:18 p.m.
  • Length: 4:07

All games in this series

Show
View Real Time Build Order
Export as new Build Order

Denver Zerg 

Build Orders: Hatch First 

Get SALT Encoding   

  12  0:00  Drone  
  13  0:12  Overlord  
  13  0:17  Drone  
  14  0:31  Drone  
  14  0:32  Drone  
  16  0:48  Hatchery  
  15  0:52  Drone  
  15  0:55  Drone  
  17  0:59  Drone  
  18  1:11  Extractor  
  18  1:15  Spawning Pool  
  16  1:19  Drone  
  16  1:22  Drone  
  18  1:30  Drone  
  19  1:39  Drone  
  20  1:51  Overlord  
  20  2:02  Queen x2  
  20  2:03  Zergling x4  
  26  2:12  Drone x2  
  26  2:15  Metabolic Boost  
  28  2:22  Zergling x4  
  23  2:46  Zergling x4  
  20  3:01  Zergling x2  
  20  3:05  Zergling x2  
  22  3:10  Zergling x2  
  23  3:14  Zergling x2  
  23  3:17  Zergling x2  
  25  3:20  Zergling x2  
  25  3:25  Zergling x2  
  27  3:28  Zergling x2  
  27  3:31  Zergling x2  
  29  3:39  Spine Crawler  
  28  3:42  Zergling x2  
  28  3:46  Zergling x2  
  28  3:47  Zergling x2  
Show
View Real Time Build Order
Export as new Build Order

AqueroN Terran - Winner!

Build Orders:  

Get SALT Encoding   

  12  0:00  SCV  
  13  0:12  SCV  
  14  0:17  Supply Depot  
  14  0:24  SCV  
  15  0:40  Barracks  
  15  0:50  Barracks  
  15  1:03  Barracks  
  15  1:08  SCV  
  16  1:20  SCV  
  17  1:27  Marine  
  18  1:33  Orbital Command  
  18  1:37  Marine  
  19  1:44  Supply Depot  
  19  1:45  Marine  
  20  1:50  Marine  
  21  1:55  Marine  
  22  2:03  Marine  
  22  2:08  Marine  
  24  2:13  Marine  
  24  2:14  SCV  
  26  2:20  Marine  
  27  2:23  Bunker  
  27  2:26  Marine  
  28  2:30  Marine  
  28  2:32  Supply Depot  
  28  2:35  Refinery  
  29  2:38  Marine  
  27  2:45  Marine  
  27  2:48  Marine  
  29  2:56  Marine  
  28  3:03  Marine  
  29  3:06  SCV, Marine  
  31  3:14  Marine  
  31  3:18  SCV  
  33  3:21  Marine  
  33  3:24  Marine  
  35  3:32  Marine  
  36  3:38  Marine  
  37  3:42  Marine  

Tags
 
Add a new tag
Caveats
  • Supply blocks, unpowered buildings, or Contaminate may cause inaccurate times.
  • Supply counts are checked every 10 seconds.